 Dungeon Crawl Stone Soup version 0.17-a0-744-gaa96792 (webtiles) character file.

137 nono the Skirmisher (level 5, -2/42 HPs)
             Began as a Demonspawn Gladiator on Apr 21, 2015.
             Killed from afar by Sigmund (4 damage)
             ... with a wand of flame
             ... on level 3 of the Dungeon.
             The game lasted 00:06:33 (1766 turns).

nono the Skirmisher (Demonspawn Gladiator)          Turns: 1766, Time: 00:06:33

Health: -2/42      AC:  9    Str: 15    XL:     5   Next: 0%
Magic:  5/5        EV: 18    Int:  9    God:
Gold:   46         SH:  0    Dex: 20    Spells: 0 memorised, 4 levels left

rFire  + . .     SeeInvis .     a - +0 trident
rCold  . . .     Clarity  .     j - +3 leather armour {rF+}
rNeg   . . .     SustAb   .     (no shield)
rPois  .         Gourm    +     c - +0 helmet
rElec  .         Spirit   .     (no cloak)
rCorr  .         Warding  .     (no gloves)
rMut   .         Stasis   .     (no boots)
MR     .....                    o - amulet of the gourmand
Stlth  +++.......               (no ring)
                                (no ring)

@: agile, flying, very slightly contaminated, hasted, very quick, not resistant
to hostile enchantments, fairly stealthy
A: talons 1, slimy green scales 1, spiny 1
a: no special abilities


You were on level 3 of the Dungeon.
You were not hungry.

You visited 1 branch of the dungeon, and saw 3 of its levels.

You collected 46 gold pieces.

Inventory:

Hand weapons
 a - a +0 trident (weapon)
Missiles
 d - 3 throwing nets (quivered)
Armour
 b - a +0 leather armour
 c - a +0 helmet (worn)
 h - a +0 chain mail
 j - a +3 leather armour of fire resistance (worn)
 m - a -1 leather armour
Jewellery
 o - an amulet of the gourmand (around neck)
Scrolls
 k - 3 scrolls of magic mapping {unknown}
 l - 2 scrolls of identify {unknown}
Potions
 g - a potion of poison
 n - a potion of haste
Comestibles
 e - 3 bread rations


   Skills:
 + Level 4.2 Fighting
 - Level 2.6 Polearms
 - Level 1.7 Throwing
 + Level 2.5 Armour
 - Level 2.6 Dodging


You had 4 spell levels left.
You didn't know any spells.

Dungeon Overview and Level Annotations

Branches:
Dungeon (3/15)

Altars:

Annotations:
D:3 Sigmund


Innate Abilities, Weirdness & Mutations

You have sharp toenails.
You are partially covered in slimy green scales (AC +2).
You are partially covered in sharp spines.


Message History

You hit something. Your kick misses something. Something barely misses you.
You hit something.
You hear some strange, mumbled words.
Something tries to affect you, but you resist.
You puncture something! Your kick misses something. You closely miss something.
You claw something.
You hear some strange, mumbled words.
Something tries to affect you, but you resist.
Read which item? (? for menu, Esc to quit)
Okay, then.
You miss something. You claw something.
You hear a zap.
A puff of flame appears from out of thin air!
The puff of flame misses you.
You hit something. You claw something. You hit something. You claw something.
You hear a zap.
A puff of flame appears from out of thin air!
The puff of flame hits you! You resist.
You die...

.....§≈## ..#@..S
#...... .....r§
....## #..(...
......b
######..#####..(...
.....≈
#......$...........
.....
###.#########......
.K.≈ ###.# #......
≈ #.#.## ####.##
#†#..# #.#
#.@#.....# #.#
##.{..$...# #.#
######...# #.# ##..
#.# ##.# #..# #.##
#.# #.#


There were no monsters in sight!

Vanquished Creatures
  Ijyb (D:2)
  An iguana (D:2)
  2 adders
  A gnoll (D:1)
  A worm (D:2)
  2 giant geckos (D:1)
  7 bats
  6 giant cockroaches
  6 hobgoblins
  4 jackals (D:1)
  2 giant newts
  5 goblins
  7 kobolds
  A quokka (D:2)
  6 rats
52 creatures vanquished.

Notes
Turn   | Place    | Note
--------------------------------------------------------------
     0 | D:1      | nono, the Demonspawn Gladiator, began the quest for the Orb.
     0 | D:1      | Reached XP level 1. HP: 16/16 MP: 1/1
   118 | D:1      | Gained mutation: You are partially covered in slimy green scales (AC +2). [demonic ancestry]
   118 | D:1      | Reached XP level 2. HP: 21/23 MP: 2/2
   175 | D:1      | Reached skill level 3 in Fighting
   342 | D:1      | Reached skill level 1 in Armour
   368 | D:1      | Gained mutation: You have sharp toenails. [demonic ancestry]
   368 | D:1      | Reached XP level 3. HP: 21/29 MP: 3/3
  1055 | D:2      | Noticed Ijyb
  1085 | D:2      | Killed Ijyb
  1085 | D:2      | Gained mutation: You are partially covered in sharp spines. [demonic ancestry]
  1085 | D:2      | Reached XP level 4. HP: 25/37 MP: 4/4
  1552 | D:3      | Noticed Sigmund
  1586 | D:2      | Reached skill level 4 in Fighting
  1743 | D:3      | Reached XP level 5. HP: 42/42 MP: 5/5
  1755 | D:3      | HP: 1/42 [something (2)]
  1766 | D:3      | Killed from afar by Sigmund

Action                   |  1- 3 |  4- 6 || total
-------------------------+-------+-------++-------
Melee: Trident           |   164 |    67 ||   231
  Use: Scroll            |     4 |       ||     4
       Potion            |       |     5 ||     5
  Eat: Chunk             |     1 |     3 ||     4
